 Dungeon Crawl Stone Soup version 0.32-a0-18-g89e19f1974 (webtiles) character file.

Game seed: 4956692976041483999

951 PezBoy the Cleaver (level 7, -1/45 (61) HPs)
             Began as a Minotaur Gladiator on Jan 16, 2024.
             Was a Follower of Okawaru.
             Killed by divine providence
             ... invoked by Jeremiah
              (13 damage)
             ... on level 6 of the Dungeon.
             The game lasted 00:14:07 (4083 turns).

PezBoy the Cleaver (Minotaur Gladiator)             Turns: 4083, Time: 00:14:08

HP:   -1/45 (61)    AC: 18    Str: 20    XL:     7   Next: 90%
MP:   7/7           EV: 14    Int:  5    God:    Okawaru [*.....]
Gold: 274           SH:  0    Dex: 12    Spells: 6/6 levels left

rFire   . . .        a - +1 war axe
rCold   . . .        (no shield)
rNeg    . . .        u - +0 chain mail
rPois   .            q - +2 hat
rElec   .            (no cloak)
rCorr   .            (no gloves)
SInv    .            b - +1 pair of boots
Will    .....        (no amulet) Stlth
                     o - +5 ring of evasion
HPRegen 0.27/turn    r - +4 ring of protection
MPRegen 0.10/turn

%: no passive effects
@: very heavily drained
A: horns 2, retaliatory headbutt
a: Renounce Religion, Heroism


You were on level 6 of the Dungeon.
You worshipped Okawaru.
Okawaru was aware of your devotion.
You visited 2 branches of the dungeon, and saw 7 of its levels.

You collected 283 gold pieces.
You spent 9 gold pieces at shops.

Inventory:

Hand Weapons
 a - a +1 war axe (weapon)
 i - a +4 dagger of flaming
Missiles
 d - 5 throwing nets
 e - 3 javelins
 l - 3 poisoned darts
 x - 5 curare-tipped darts (quivered)
Armour
 b - a +1 pair of boots (worn)
 n - a +0 leather armour of poison resistance
 q - a +2 hat (worn)
 u - a +0 chain mail (worn)
Jewellery
 o - a +5 ring of evasion (left hand)
 r - a +4 ring of protection (right hand)
Wands
 h - a wand of light (5)
Scrolls
 j - a scroll of identify
 s - a scroll of amnesia {unknown}
 t - a scroll of revelation
 w - a scroll of brand weapon {unknown}
Potions
 c - 2 potions of haste {unknown}
 f - 2 potions of cancellation
 g - 2 potions of resistance {unknown}
 k - a potion of brilliance {unknown}
 m - 3 potions of heal wounds {unknown}
 p - 4 potions of curing


   Skills:
 + Level 5.5 Fighting
 * Level 8.3 Axes
 - Level 2.0 Throwing
 + Level 4.9 Armour
 - Level 3.2 Dodging
 + Level 2.3 Invocations


You had 6 spell levels left.
You didn't know any spells.
Your spell library contained the following spells:

 Spells                   Type           Power      Damage    Failure   Level
 Dimensional Bullseye     Hex/Tloc       0%         N/A       100%        4
 Iskenderun's Mystic Bla  Conj/Tloc      0%         2d3       100%        4
 Tukima's Dance           Hex            Unusable   N/A       N/A         3

Dungeon Overview and Level Annotations

Branches:
Dungeon (6/15)             Temple (1/1) D:4

Altars:
Ashenzari
Cheibriados
Dithmenos
Elyvilon
Fedhas
Hepliaklqana
Kikubaaqudgha
Makhleb
Nemelex Xobeh
Okawaru
Qazlal
Sif Muna
Trog
Uskayaw
Vehumet
Wu Jian
Yredelemnul
Zin
The Shining One

Shops:
D:4 [*

Annotations:
D:6 Jeremiah


Innate Abilities, Weirdness & Mutations

You have a pair of horns on your head.
You reflexively headbutt those who attack you in melee.


Message History

Okay, then.
Throw: 6 darts (curare)
Press: ? - help, Q - select action, (/) - cycle Shift-Dir - straight line, f/p - Jeremiah
Aim: Jeremiah, wielding a +2 trident of draining, wearing a +0 chain mail and wearing an orb of guile (57% to hit)
You throw a curare-tipped dart. The curare-tipped dart hits Jeremiah.
Jeremiah is poisoned.
Jeremiah struggles to breathe.
Jeremiah seems to slow down.
Jeremiah is lightly wounded.
Throw: 5 darts (curare)
Press: ? - help, Q - select action, (/) - cycle Shift-Dir - straight line, f/p - Jeremiah
Aim: Jeremiah, wielding a +2 trident of draining, wearing a +0 chain mail and wearing an orb of guile (lightly wounded, very poisoned, slow, 57% to hit)
Okay, then.
Jeremiah asks, "Am I dreaming?
Is this real?"
The butterfly disappears in a burst of colours!
Jeremiah hits you from afar with a +2 trident of draining.
You feel drained.
You miss the butterfly. Your headbutt misses the butterfly.
The butterfly disappears in a burst of colours!
Jeremiah hits you but does no damage.
You feel drained. Jeremiah closely misses you.
Jeremiah is no longer moving slowly.
The butterfly disappears in a burst of colours! x2
Jeremiah looks more healthy.
The butterfly disappears in a burst of colours!
Jeremiah lets out a twisted cry.
Something smites you!
* * * LOW HITPOINT WARNING * * *
Jeremiah hops!
As you read the scroll of teleportation, it crumbles to dust.
You feel strangely unstable.
Your surroundings suddenly seem different.
The butterfly disappears in a burst of colours! x2
Jeremiah barely misses you.
The butterfly disappears in a burst of colours!
The butterfly disappears in a burst of colours! x4
The butterfly disappears in a burst of colours! x2
Jeremiah mumbles a slurred invocation.
Something smites you!
You die...
Jeremiah asks, "Is it over?
Can I wake up now?" ......### ### #[....# #.. #.....#######.# # #.......F..##.# #... #.##.[...####b..F. #... #........# ####.# #... ####(##### #.# #.b. #########.#### #Fb

#... #.....@.b..bF##########
####...###.#.##..bb.b.#.....#
...b.bFb.b....#...b.bb#.....#
..b...b.b.....#..bb.........#
...b.b..b.....#b...b.>#.....#
##.#...#.#.####.......#.....#
#...#.#............#######
#........###)......>.
#...#.##.# #'###.#.###


You could see Jeremiah.

Vanquished Creatures
  A water moccasin (D:5)
  2 centaurs (D:5)
  A phantom (D:6)
  Blork the orc (D:5)
  A howler monkey (D:4)
  A bombardier beetle (D:3)
  3 hounds
  4 iguanas
  Ijyb (D:5)
  9 gnolls
  8 adders
  An ufetubus (D:3)
  4 dart slugs
  2 ribbon worms
  An orc (D:3)
  7 ball pythons
  5 bats
  6 endoplasms (D:2)
  6 giant cockroaches
  8 goblins
  7 hobgoblins
  8 jackals
  5 quokkas
  2 frilled lizards
  7 kobolds
  3 rats
104 creatures vanquished.

Notes
Turn   | Place    | Note
-------+----------+-------------------------------------------
     0 | D:1      | PezBoy the Minotaur Gladiator began the quest for the Orb.
     0 | D:1      | Reached XP level 1. HP: 18/18 MP: 0/0
    48 | D:1      | Found a faded altar of an unknown god.
    72 | D:1      | Reached skill level 4 in Axes
    72 | D:1      | Reached XP level 2. HP: 25/25 MP: 1/1
   113 | D:1      | Reached skill level 1 in Armour
   966 | D:2      | Reached XP level 3. HP: 24/30 MP: 2/2
  1187 | D:2      | Reached XP level 4. HP: 38/38 MP: 3/3
  1192 | D:2      | Reached skill level 5 in Axes
  1258 | D:2      | Found a hazy altar of Hepliaklqana.
  1787 | D:3      | Reached XP level 5. HP: 46/46 MP: 4/4
  2266 | D:3      | Reached skill level 6 in Axes
  2403 | D:4      | Found Tuchan Doqys's Antique Armour Shoppe.
  2417 | D:4      | Found Isiap's CLEARANCE SALE!.
  2436 | D:4      | Reached XP level 6. HP: 45/52 MP: 5/5
  2462 | D:4      | Bought a potion of curing for 9 gold pieces
  2547 | D:4      | Found a shadowy altar of Dithmenos.
  2736 | D:4      | Found a staircase to the Ecumenical Temple.
  2742 | Temple   | Entered the Ecumenical Temple
  2770 | Temple   | Became a worshipper of Warmaster Okawaru
  2952 | D:5      | Entered Level 5 of the Dungeon
  3008 | D:5      | Noticed Blork the orc
  3015 | D:5      | Killed Blork the orc
  3016 | D:5      | Reached skill level 7 in Axes
  3030 | D:5      | Found a hazy altar of Hepliaklqana.
  3128 | D:5      | Found a glowing silver altar of Zin.
  3175 | D:5      | Noticed a water moccasin
  3183 | D:5      | Killed a water moccasin
  3184 | D:5      | Reached skill level 5 in Fighting
  3184 | D:5      | Reached skill level 1 in Invocations
  3184 | D:5      | Reached XP level 7. HP: 58/61 MP: 6/6
  3219 | D:5      | Reached * piety under Okawaru
  3495 | D:5      | Noticed Ijyb
  3501 | D:5      | Killed Ijyb
  3695 | D:5      | Reached skill level 8 in Axes
  3909 | D:6      | Noticed Jeremiah
  4083 | D:6      | Killed from afar by Jeremiah

Illustrated notes

Levels and vault maps discovered:
D:1:      heliophobic_arrival_ceremonial_halls, layout_loops_corners,
          shapermc_ecumenical_altar_mp_ritualfount
D:2:      layout_basic, basic_altar, minmay_pentomino_pile
D:3:      minmay_chambers_of_threes, layout_rooms, serial_rivers,
          chequers_serial_rivers_micro_c, chequers_serial_rivers_marsh,
          chequers_serial_rivers_micro_d, chequers_serial_rivers_small_3,
          chequers_serial_rivers_small_a, chequers_serial_rivers_small_b
D:4:      layout_rooms, mainiacjoe_overflow_catwalk, minmay_temple_entry_hall,
          nicolae_stop_n_shop_2, nicolae_shop_clearance
D:5:      layout_loops_corners, mainiacjoe_overflow_alcove_2,
          lemuel_coloured_pillars_altar, uniq_blork_the_orc, uniq_ijyb
D:6:      layout_loops_cross, dk_noncrumbling_2, uniq_edmund, uniq_grinder,
          uniq_jeremiah, uniq_menkaure
Temple:   nicolae_temple_elliptical

Skill      XL: |  1  2  3  4  5  6  7 |
---------------+----------------------+-----
Axes           | 4 5 6 7 8 |  8.3
Armour         | 1 2 3 4 |  4.9
Fighting       | 3 4 5 |  5.5
Invocations    | 1 2 |  2.3
Throwing       | |  2.0
Dodging        | |  3.2

Action                     |  1- 3 |  4- 6 |  7- 9 || total
---------------------------+-------+-------+-------++-------
  Melee: War axe           |    61 |   122 |    66 ||   249
         Headbutt          |     6 |    26 |     9 ||    41
         Punch             |     1 |       |       ||     1
  Throw: Dart              |       |       |     1 ||     1
         Throwing net      |       |       |     1 ||     1
    Use: Scroll            |     1 |     9 |     1 ||    11
 Armour: Leather armour    |    26 |    19 |       ||    45
         Chain mail        |       |    50 |    44 ||    94
  Dodge: Dodged            |    61 |   106 |    48 ||   215

Table legend: (Time is in decaauts)
 A = Elapsed time spent in this place.
 B = Non-inter-level travel time spent in this place.
 C = Inter-level travel time spent in this place.
 D = Time resting spent in this place.
 E = Time spent auto-exploring this place.
 F = Levels seen in this place.
 G = Mean time per level.
                   A        B        C        D        E       F      G
               +--------+--------+--------+--------+--------+-----+--------+
         Total |   4136 |   3935 |    201 |    100 |   2911 |   7 |  590.9 |
       Dungeon |   4089 |   3906 |    183 |    100 |   2911 |   6 |  681.5 |
        Temple |     46 |     28 |     18 |      0 |      0 |   1 |   46.0 |
               +--------+--------+--------+--------+--------+-----+--------+

Top non-repeatable levels by time:
     D:1: 931 daAuts
     D:5: 905 daAuts
     D:2: 772 daAuts
     D:3: 736 daAuts
     D:4: 510 daAuts
     D:6: 233 daAuts
  Temple: 46 daAuts
